 Dungeon Crawl Stone Soup version 0.27.0-1-g7a089689b8 (webtiles) character file.

Game seed: 7133512067717852564

18288 sanka the Fighter (level 12, -10/109 HPs)
             Began as a Naga Summoner on Aug 9, 2021.
             Was an Elder of Hepliaklqana.
             Killed from afar by a gargoyle (27 damage)
             ... with a stone arrow
             ... in a Gauntlet.
             The game lasted 00:36:57 (17236 turns).

sanka the Fighter (Naga Summoner)                  Turns: 17236, Time: 00:36:57

Health: -10/109    AC: 16    Str: 11    XL:     12   Next: 56%
Magic:  14/18      EV: 10    Int: 20    God:    Hepliaklqana [****..]
Gold:   298        SH:  0    Dex: 12    Spells: 9/15 levels left

rFire    + . .     SeeInvis +   k - +5 battleaxe (flame)
rCold    . . .     Faith    .   (shield currently unavailable)
rNeg     . . .     Spirit   .   O - +3 ring mail {rF+}
rPois    +         Reflect  .   g - +0 helmet
rElec    .         Harm     .   R - +0 cloak
rCorr    .         Rampage  .   L - +0 pair of gloves
Will     +....     NoTele   +   (no barding)
Stlth    +.........             (no amulet)
HPRegen  0.28/turn              e - +4 ring of protection
MPRegen  0.16/turn              q - +4 ring of slaying

@: studying Unarmed Combat, very slow
A: reduced essence, AC +4, large, see invisible, deformed body, poison
resistance, slowness 2, spit poison 1, naga tail 1
a: Spit Poison, Renounce Religion, Recall Ancestor, Ancestor Identity,
Transference, Idealise


You were in a Gauntlet.
You worshipped Hepliaklqana.
Hepliaklqana was greatly pleased with you.
You visited 2 branches of the dungeon, and saw 12 of its levels.
You also visited: Ossuary and Gauntlet.

You collected 662 gold pieces.
You spent 364 gold pieces at shops.


Innate Abilities, Weirdness & Mutations

Your life essence is reduced to manifest your ancestor. (-10% HP)
Your serpentine skin is tough. (AC +4)
You have supernaturally acute eyesight. (SInv)
Armour fits poorly on your strangely shaped body.
Your system is resistant to poisons. (rPois)
You cover ground very slowly.
You can spit poison.
You have a snake-like lower body.


   Skills:
 - Level 12.0 Fighting
 - Level 10.5 Polearms
 + Level 6.5 Dodging
 - Level 3.0 Stealth
 - Level 2.4 Shields
 + Level 2.3 Unarmed Combat
 - Level 2.0 Spellcasting
 - Level 7.0 Summonings
 - Level 8.0 Invocations


You had 9 spell levels left.
You knew the following spells:

 Your Spells              Type           Power      Damage    Failure   Level
c - Call Canine Familiar  Summ           30%        N/A       6%          3
x - Call Imp              Summ           30%        N/A       3%          2
z - Summon Small Mammal   Summ           100%       N/A       2%          1

Your spell library contained the following spells:

 Spells                   Type           Power      Damage    Failure   Level
 Summon Guardian Golem    Hex/Summ       16%        N/A       26%         3
 Animate Skeleton         Necr           4%         N/A       36%         1
 Apportation              Tloc           4%         N/A       36%         1
 Corona                   Hex            2%         N/A       36%         1
 Summon Lightning Spire   Summ/Air       16%        N/A       65%         4
 Conjure Flame            Conj/Fire      2%         6-21      75%         3
 Gell's Gravitas          Tloc           1%         N/A       75%         3
 Ignite Poison            Fire/Tmut/Pois 2%         N/A       75%         3
 Teleport Other           Tloc           2%         N/A       75%         3
 Sticky Flame             Conj/Fire      2%         2d3       98%         4
 Alistair's Intoxication  Tmut/Pois      1%         N/A       100%        5
 Borgnjor's Vile Clutch   Necr/Erth      1%         N/A       100%        5
 Dispersal                Tloc           1%         N/A       100%        6
 Eringya's Noxious Bog    Tmut/Pois      1%         N/A       100%        6

Inventory:

Hand Weapons
 k - a +5 battleaxe of flaming (weapon)
 v - a +2 dagger of chaos
 y - a +0 halberd
 G - a +1 trident of protection
 P - a +1 hand axe of flaming
Missiles
 p - 40 poisoned darts
 x - 2 throwing nets {=f}
 S - 2 curare-tipped darts {=f}
Armour
 g - a +0 helmet (worn)
 L - a +0 pair of gloves (worn)
 M - a +0 buckler
 O - a +3 ring mail of fire resistance (worn)
 R - a +0 cloak (worn)
Jewellery
 e - a +4 ring of protection (left hand)
 q - a +4 ring of slaying (right hand)
 s - a ring of positive energy
 A - a ring of ice
 I - the ring of Kikubaaqudgha's Regard {rCorr Dex+3}

   [ring of resist corrosion]

   Dex:       It affects your dexterity (+3).
   rCorr:     It protects you from acid and corrosion.
 J - an amulet of faith
 V - a +6 ring of strength
 W - a +6 ring of dexterity
Wands
 E - a wand of polymorph (10)
 F - a wand of iceblast (8)
 K - a wand of acid (2)
 U - a wand of flame (19)
Scrolls
 d - 4 scrolls of magic mapping
 j - 3 scrolls of fear
 m - 5 scrolls of enchant armour
 n - a scroll of blinking
 o - 3 scrolls of brand weapon
 t - 2 scrolls of fog
 w - a scroll of silence {!r}
 z - 3 scrolls of teleportation {@r4}
 D - 5 scrolls of enchant weapon
 N - a scroll of amnesia {unknown}
 T - a scroll of summoning {unknown}
Potions
 a - a potion of resistance
 b - 3 potions of might {unknown}
 c - a potion of mutation {unknown}
 f - 6 potions of heal wounds {unknown}
 h - 6 potions of curing {@q1}
 i - a potion of invisibility
 l - 4 potions of ambrosia {unknown}
 r - 2 potions of berserk rage {unknown}
 u - a potion of magic {unknown}
 B - a potion of degeneration {unknown}
 C - 5 potions of lignification {unknown}
 H - 3 potions of attraction {unknown}
 Q - a potion of haste {unknown}

Dungeon Overview and Level Annotations

Branches:
Dungeon (11/15)            Temple (0/1) D:5            Lair (1/6) D:8
Ossuary (visited)         Gauntlet (1/1)
    Orc: D:9-12

Altars:
Dithmenos
Elyvilon
Gozag
Hepliaklqana
Makhleb
Nemelex Xobeh
Ru
Xom
Yredelemnul
Zin

Shops:
D:6 **

Annotations:
D:5 3 runed translucent doors, Crownlay's ghost, novice GnIE
D:6 3 runed translucent doors, AmberJosephineLiu's ghost, novice MfNe
D:10 1 transporter Gauntlet 15 transporters, 20 runed translucent doors

▒8▒ ▒8▒ ▒8▒ ▒8▒ ▒8▒ ▒8▒ ▒
▒▒▒▒▒▒▒▒▒▒▒▒▒▒▒▒▒▒▒▒▒▒▒▒▒▒▒▒
▒≈............≈∩≈...........
▒▒▒...........................
▒8▒..▒▒▒▒▒▒▒▒▒▒▒...▒▒▒▒▒▒▒▒▒▒▒
▒▒▒..▒▒.......▒▒...▒.........▒
▒....▒.▒^....▒.▒.∩.▒.........▒
▒▒▒....▒..▒^..▒..▒...▒.........▒
▒8▒..▒▒▒...▒^▒5N.▒...▒B........▒
▒▒▒..▒©▒©...▒©.†8▒©.©▒...Z©...©▒
▒..▒.▒=..▒^▒8R.▒...▒........!▒
▒▒▒..▒.▒?.▒..5▒..▒...▒........=▒
▒8▒..▒.▒.▒....^▒.▒...▒.........▒
▒▒▒▒..▒.▒▒^.....8▒▒...▒.........▒
......▒.▒▒▒▒▒▒▒▒▒▒▒...▒▒▒▒▒▒▒▒▒▒▒
......▒.▒...........≈...........▒
▒▒▒▒▒▒▒.▒▒▒▒▒▒▒....#8≈....▒▒▒▒▒▒▒


You could see the friendly Iltani the knight, a death scarab, 2 gargoyles, a
friendly crimson imp (summoned) and a friendly shadow imp (summoned, petrified).


Message History

Unknown command.
Unknown command.
You slice the catoblepas!! You burn the catoblepas.
You kill the catoblepas!
You hit the gargoyle but do no damage.
The gargoyle hits you but does no damage.
Your crimson imp hits the gargoyle but does no damage.
Iltani hits the gargoyle with a +0 flail!
Iltani blocks the gargoyle's attack.
The gargoyle hurls a stone arrow at you.
The stone arrow misses you.
Your crimson imp hits the gargoyle but does no damage.
Your Unarmed Combat skill gained 2 levels and is now at level 2!
Unknown command.
You hit the gargoyle but do no damage.
The gargoyle is moderately damaged.
The gargoyle hurls a stone arrow at you.
The stone arrow misses you. The gargoyle hits you with a +0 mace!
* * * LOW HITPOINT WARNING * * *
Your crimson imp barely misses the gargoyle.
Iltani hits the gargoyle with a +0 flail!
Unknown command.
You hit the gargoyle. You burn the gargoyle.
The gargoyle is severely damaged.
The gargoyle hurls a stone arrow at you.
The stone arrow hits you!!
You die...

Action                   |  1- 3 |  4- 6 |  7- 9 | 10-12 || total
-------------------------+-------+-------+-------+-------++-------
Melee: Short sword       |    41 |   120 |       |       ||   161
       Flail             |       |    42 |       |       ||    42
       Spear             |       |    21 |       |       ||    21
       Halberd           |       |    23 |    20 |       ||    43
       Trident           |       |       |   249 |   117 ||   366
       Battleaxe         |       |       |       |   312 ||   312
 Cast: Call Imp          |     3 |    14 |    21 |    58 ||    96
       Call Canine Famil |       |       |       |     1 ||     1
Invok: Ancestor Life: Kn |       |     1 |       |       ||     1
       Recall Ancestor   |       |       |     2 |     1 ||     3
 Abil: Spit Poison       |    24 |    15 |     2 |    23 ||    64
Evoke: Wand              |       |       |       |    24 ||    24
  Use: Scroll            |       |       |       |    12 ||    12
       Potion            |       |       |       |     3 ||     3
 Stab: Distracted        |       |     2 |     1 |     4 ||     7
       Sleeping          |       |     2 |     7 |       ||     9
Armor: Robe              |    19 |   104 |    84 |       ||   207
       Ring mail         |       |       |    36 |   322 ||   358
Dodge: Dodged            |    19 |   118 |    91 |   243 ||   471
Block: Buckler           |       |       |     8 |    25 ||    33

Levels and vault maps discovered:
D:1:      minmay_arrival_four_circles, layout_basic, serial_bayou_pond_c,
          supply_closet_lemuel
D:2:      layout_basic, basic_ecumenical_altar, minmay_pentomino_s4
D:3:      layout_basic, grunt_temple_overflow_champion_of_chaos
D:4:      layout_basic, minmay_stone_trees_small
D:5:      layout_rooms, mainiacjoe_overflow_catwalk,
          nicolae_overflow_hidden_temple, minmay_temple_entry_glass,
          gammafunk_ghost_split
D:6:      layout_rooms, mainiacjoe_overflow_brackets, jmf_multi_god_temple,
          nicolae_ossuary_entry_false_entrances, gammafunk_ghost_nasty_kobolds,
          nicolae_specific_store, minmay_misc_feat_rugged
D:7:      cheibrodos_two_vegetables, layout_basic,
          yredelemnul_forgotten_temple_becter, lemuel_round_altar,
          chequers_serial_rivers_marsh, chequers_serial_rivers_small_a,
          minmay_manual_macuahuitl
D:8:      lemuel_ratsnest, layout_basic, erik_lair_island, serial_glass,
          glass_columns_a, glass_columns_a, lightli_corner_chamber
D:9:      layout_loops_ring, nicolae_dithmenos_shadow_blocks
D:10:     layout_rooms, grunt_nemelex_the_gamble, uniq_psyche
D:11:     layout_gridville, ebering_ghost_reflecting_pool,
          introduction_to_nature_2
Lair:1:   layout_cave_pods, gauntlet_entry_generic, st_stairs_11,
          grunt_megastairs_4
Gauntlet: gammafunk_gauntlet_branching [gammafunk_gauntlet_arena_open,
          nicolae_gauntlet_arena_x, nicolae_gauntlet_arena_flowing_pool,
          nicolae_gauntlet_arena_blocks,
          minmay_gauntlet_arena_make_your_own_arena,
          nicolae_gauntlet_arena_quarters,
          gammafunk_gauntlet_arena_split_diamond,
          gammafunk_gauntlet_arena_crates, gauntlet_exit_watery]

Notes
Turn   | Place    | Note
-------+----------+-------------------------------------------
     0 | D:1      | sanka the Naga Summoner began the quest for the Orb.
     0 | D:1      | Reached XP level 1. HP: 15/15 MP: 3/3
   101 | D:1      | Reached skill level 1 in Fighting
   207 | D:1      | Reached XP level 2. HP: 25/25 MP: 5/5
   210 | D:1      | Learned a level 2 spell: Call Imp
   380 | D:1      | Reached skill level 2 in Fighting
  1019 | D:2      | Reached XP level 3. HP: 33/33 MP: 6/6
  1163 | D:2      | Reached skill level 3 in Fighting
  1191 | D:2      | Found a faded altar of an unknown god.
  1198 | D:2      | Became a worshipper of Hepliaklqana the Forgotten
  1198 | D:2      | Reached * piety under Hepliaklqana
  1284 | D:2      | Reached XP level 4. HP: 37/37 MP: 2/7
  1867 | D:3      | Reached skill level 4 in Fighting
  2093 | D:3      | Reached XP level 5. HP: 21/45 MP: 2/8
  2406 | D:3      | Reached skill level 5 in Fighting
  2861 | D:3      | Found a shimmering altar of Xom.
  2862 | D:3      | Found a burning altar of Makhleb.
  2918 | D:4      | Reached XP level 6. HP: 54/54 MP: 9/9
  2993 | D:4      | Reached skill level 6 in Fighting
  3212 | D:4      | Reached ** piety under Hepliaklqana
  3214 | D:4      | Remembered your ancestor Iltani as a knight
  3535 | D:5      | Entered Level 5 of the Dungeon
  3541 | D:5      | Reached skill level 7 in Fighting
  3541 | D:5      | Reached XP level 7. HP: 62/64 MP: 10/10
  3554 | D:5      | Found a staircase to the Ecumenical Temple.
  3578 | D:5      | Reached skill level 1 in Polearms
  3583 | D:5      | Reached skill level 2 in Polearms
  3734 | D:5      | Noticed a two-headed ogre
  3805 | D:5      | Reached skill level 3 in Polearms
  3805 | D:5      | Noticed Crownlay's ghost (novice GnIE)
  3811 | D:5      | Found a runed translucent gate.
  3811 | D:5      | Found a runed translucent gate.
  3811 | D:5      | Found a runed translucent gate.
  3822 | D:5      | Reached skill level 4 in Polearms
  3978 | D:5      | Found a glowing silver altar of Zin.
  4152 | D:5      | Reached XP level 8. HP: 56/72 MP: 6/11
  4191 | D:5      | Reached skill level 5 in Polearms
  4211 | D:5      | Killed a two-headed ogre
  4212 | D:5      | Reached skill level 7 in Polearms
  4529 | D:5      | Reached skill level 8 in Polearms
  4625 | D:6      | Reached XP level 9. HP: 68/77 MP: 10/12
  4625 | D:6      | Found a sacrificial altar of Ru.
  4718 | D:6      | Found a runed translucent gate.
  4718 | D:6      | Found a runed translucent gate.
  4718 | D:6      | Found a runed translucent gate.
  4718 | D:6      | Noticed AmberJosephineLiu's ghost (novice MfNe)
  4718 | D:6      | Noticed a kobold demonologist
  4747 | D:6      | Found Pareir's Specific Store.
  4751 | D:6      | Found Oseir's General Store.
  4770 | D:6      | Reached skill level 5 in Summonings
  4790 | D:6      | Found a sand-covered staircase.
  4914 | Ossuary  | Entered an ossuary
  4955 | Ossuary  | Reached skill level 6 in Summonings
  5328 | D:6      | Reached skill level 7 in Summonings
  5338 | D:6      | Learned a level 3 spell: Call Canine Familiar
  5365 | D:6      | Found a hazy altar of Hepliaklqana.
  5365 | D:6      | Found an opulent altar of Gozag.
  5491 | D:6      | Reached *** piety under Hepliaklqana
  6115 | D:6      | Bought a +3 ring mail of fire resistance for 364 gold
                  | pieces
  6259 | D:7      | Reached skill level 1 in Shields
  6490 | D:7      | Reached skill level 2 in Shields
  6496 | D:7      | Reached skill level 8 in Fighting
  6501 | D:7      | Reached XP level 10. HP: 59/86 MP: 8/13
  6657 | D:7      | Found a white marble altar of Elyvilon.
  6677 | D:7      | Reached skill level 9 in Polearms
  6771 | D:7      | Found a basalt altar of Yredelemnul.
  6886 | D:7      | Noticed a cyclops
  6901 | D:7      | Killed a cyclops
  7542 | D:7      | Reached skill level 9 in Fighting
  7825 | D:7      | HP: 7/89 [electric eel/bolt of electricity (7)]
  8401 | D:7      | Noticed a cyclops
  8403 | D:7      | Noticed a manticore
  8656 | D:7      | Killed a manticore
  8657 | D:7      | Reached skill level 10 in Polearms
  8666 | D:7      | Killed a cyclops
  8981 | D:8      | Paralysed by a hornet for 3 turns
  9181 | D:8      | Reached skill level 2 in Dodging
  9620 | D:7      | HP: 5/87 [white imp/puff of frost[the player character]
                  | (6)]
  9935 | D:7      | Reached skill level 10 in Fighting
 10060 | D:8      | Reached XP level 11. HP: 92/97 MP: 14/14
 10061 | D:8      | Reached skill level 3 in Dodging
 10144 | D:8      | Found a staircase to the Lair.
 10646 | D:8      | Identified the ring of Kikubaaqudgha's Regard {rCorr Dex+3}
 11226 | D:8      | Reached skill level 4 in Dodging
 11547 | D:8      | Reached skill level 1 in Invocations
 12079 | D:9      | Reached skill level 2 in Invocations
 12092 | D:9      | Reached skill level 11 in Fighting
 12208 | D:9      | Found a shadowy altar of Dithmenos.
 12512 | D:9      | Noticed a two-headed ogre
 12522 | D:9      | Killed a two-headed ogre
 12523 | D:9      | Reached skill level 5 in Dodging
 12523 | D:9      | Reached skill level 3 in Invocations
 13055 | D:10     | Entered Level 10 of the Dungeon
 13057 | D:10     | Reached **** piety under Hepliaklqana
 13119 | D:10     | Noticed a white ugly thing
 13135 | D:10     | Killed a white ugly thing
 13136 | D:10     | Reached skill level 4 in Invocations
 13657 | D:10     | Noticed Psyche
 13664 | D:10     | Killed Psyche
 13704 | D:10     | Reached XP level 12. HP: 31/108 MP: 15/15
 13993 | D:10     | Found a sparkling altar of Nemelex Xobeh.
 13993 | D:10     | Found a transporter.
 14387 | D:11     | Reached skill level 6 in Dodging
 14631 | D:11     | Noticed a two-headed ogre
 14645 | D:11     | Killed a two-headed ogre
 14646 | D:11     | Reached skill level 5 in Invocations
 15433 | D:11     | Found a runed translucent door.
 15456 | D:11     | Reached skill level 12 in Fighting
 15456 | D:11     | Reached skill level 6 in Invocations
 15754 | D:11     | Noticed MajorAdolf's ghost (journeyman NaWn)
 16001 | D:11     | Killed MajorAdolf's ghost
 16002 | D:11     | Reached skill level 7 in Invocations
 16553 | Lair:1   | Entered Level 1 of the Lair of Beasts
 16553 | Lair:1   | Found a gate leading to a gauntlet.
 16554 | Lair:1   | Noticed a catoblepas
 16569 | Lair:1   | Killed a catoblepas
 16570 | Lair:1   | Reached skill level 8 in Invocations
 16610 | Gauntlet | Entered a Gauntlet
 16610 | Gauntlet | Found a transporter.
 16610 | Gauntlet | Found a transporter.
 16616 | Gauntlet | Noticed a catoblepas
 16626 | Gauntlet | Noticed a death scarab
 16900 | Gauntlet | Found a transporter.
 16915 | Gauntlet | Found a transporter.
 16917 | Gauntlet | Found a large runed translucent door.
 16918 | Gauntlet | Found a large runed translucent door.
 16919 | Gauntlet | Found a large runed translucent door.
 16919 | Gauntlet | Found a large runed translucent door.
 16929 | Gauntlet | Found a transporter.
 16942 | Gauntlet | Found a transporter.
 16944 | Gauntlet | Found a large runed translucent door.
 16959 | Gauntlet | Found a transporter.
 17025 | Gauntlet | Found a transporter.
 17040 | Gauntlet | Found a transporter.
 17042 | Gauntlet | Noticed an anaconda
 17048 | Gauntlet | Noticed a fire dragon
 17048 | Gauntlet | an anaconda changed into a fire dragon
 17054 | Gauntlet | Found a transporter.
 17055 | Gauntlet | Noticed a quicksilver ooze
 17055 | Gauntlet | a fire dragon changed into a quicksilver ooze
 17067 | Gauntlet | Found a transporter.
 17083 | Gauntlet | Found a transporter.
 17083 | Gauntlet | Noticed a green death
 17110 | Gauntlet | Noticed a bunyip
 17110 | Gauntlet | a quicksilver ooze changed into a bunyip
 17116 | Gauntlet | Noticed an ice dragon
 17116 | Gauntlet | a bunyip changed into an ice dragon
 17119 | Gauntlet | an ice dragon changed into a goliath frog
 17150 | Gauntlet | Found a transporter.
 17152 | Gauntlet | Found a large runed translucent door.
 17153 | Gauntlet | Found a large runed translucent door.
 17154 | Gauntlet | Found a large runed translucent door.
 17154 | Gauntlet | Found a large runed translucent door.
 17154 | Gauntlet | Found a runed translucent door.
 17155 | Gauntlet | Found a large runed translucent door.
 17156 | Gauntlet | Found a large runed translucent door.
 17157 | Gauntlet | Found a large runed translucent door.
 17157 | Gauntlet | Found a large runed translucent door.
 17158 | Gauntlet | Found a runed translucent gate.
 17162 | Gauntlet | Found a transporter.
 17194 | Gauntlet | Found a transporter.
 17196 | Gauntlet | Found a runed translucent gate.
 17196 | Gauntlet | Found a runed translucent gate.
 17198 | Gauntlet | Found a large runed translucent door.
 17200 | Gauntlet | Found a runed translucent door.
 17204 | Gauntlet | Found a transporter.
 17211 | Gauntlet | Found a large runed translucent door.
 17234 | Gauntlet | Killed a catoblepas
 17235 | Gauntlet | Reached skill level 2 in Unarmed Combat
 17236 | Gauntlet | Killed from afar by a gargoyle

Vanquished Creatures
  2 catoblepae
  An ugly thing (D:10)
  A cyclops (D:11)
  A cane toad (Lair:1)
  Psyche (D:10)
  A kobold demonologist (D:11)
  2 hornets (D:11)
  10 yaks
  2 vampire mosquitoes (D:8)
  An acid dragon (D:11)
  3 water moccasins
  A sky beast (D:7)
  A black bear (D:5)
  2 orc warriors
  An ice beast (D:8)
  A wolf (D:8)
  An ogre (D:6)
  A centaur (D:10)
  2 elf zombies (Ossuary)
  A gnoll sergeant (D:9)
  3 bullfrogs
  A wyvern skeleton (D:7)
  A killer bee (D:7)
  2 wights
  3 howler monkeys
  8 electric eels
  A bullfrog zombie (D:5)
  A centaur zombie (D:9)
  A human zombie (Ossuary)
  A jelly (D:6)
  A centaur skeleton (D:7)
  A gnoll shaman (D:8)
  An orc priest (D:8)
  5 hounds
  10 orc wizards
  2 bullfrog skeletons
  4 iguanas
  3 hell rats (D:8)
  A killer bee zombie (D:7)
  3 mummies (Ossuary)
  A howler monkey skeleton (D:7)
  11 gnolls
  6 adders
  5 river rats (D:8)
  A shadow imp (D:7)
  An ufetubus (D:4)
  2 adder zombies (Ossuary)
  A worm (D:4)
  3 dart slugs
  21 orcs
  7 ball pythons
  5 bats
  5 endoplasms
  2 giant cockroaches
  2 gnoll zombies (Ossuary)
  4 goblins
  5 hobgoblins
  10 jackals
  17 kobolds
  4 quokkas (D:8)
  2 frilled lizards
  4 goblin zombies (Ossuary)
  2 hobgoblin zombies (Ossuary)
  2 kobold zombies (Ossuary)
  An orc zombie (Ossuary)
  20 rats
  A rat zombie (Ossuary)
  A spectral orc (D:7)
235 creatures vanquished.

Vanquished Creatures (collateral kills)
  The ghost of MajorAdolf the Covert, a journeyman NaWn (D:11)
  3 two-headed ogres
  A manticore (D:7)
  2 cyclopes (D:7)
  An oklob plant (D:11)
  4 trolls
  2 hornets
  3 shadows
  2 vampires
  6 yaks
  2 vampire mosquitoes (D:8)
  An acid dragon (D:11)
  2 water moccasins (D:7)
  3 orc warriors
  2 sky beasts
  2 necrophages
  An ice beast (D:8)
  3 ogres
  3 wolves
  2 kobold brigands (D:10)
  3 bullfrogs
  A scorpion (D:6)
  2 water moccasin zombies
  2 howler monkeys
  An oklob sapling (D:11)
  5 killer bees (D:7)
  A wight (D:8)
  2 electric eels
  A crimson imp (D:3)
  3 centaur zombies (Ossuary)
  3 hounds
  A jelly (D:8)
  A bullfrog skeleton (D:6)
  A centaur skeleton (D:7)
  A gnoll shaman (D:5)
  An iguana (D:6)
  4 orc wizards
  A killer bee zombie (D:6)
  A hound skeleton (D:4)
  A howler monkey zombie (D:7)
  10 gnolls
  8 adders
  2 adder zombies (Ossuary)
  12 orcs
  4 endoplasms
  A giant cockroach (D:4)
  A hobgoblin (D:2)
  3 jackals
  4 kobolds
  2 quokkas (D:8)
  3 ball pythons
  A bat (D:2)
  5 hobgoblin zombies (Ossuary)
  3 jackal zombies (Ossuary)
  2 kobold zombies (Ossuary)
  2 rat zombies (Ossuary)
145 creatures vanquished.

Vanquished Creatures (others)
  An orc wizard (D:8)
  7 knights
  An orc (D:8)
  4 ancestors
  12 plants
25 creatures vanquished.

Grand Total: 405 creatures vanquished
